 Dungeon Crawl Stone Soup version 0.30-a0-509-gd016549fea (webtiles) character file.

Game seed: 18163849255651953245

22526 Querens the Unseen (level 12, -4/51 HPs)
             Began as a Spriggan Enchanter on Dec 22, 2022.
             Was a High Priest of Wu Jian.
             Killed from afar by Jorgrun (37 damage)
             ... with a blast of rock fragments
             ... on level 2 of the Orcish Mines.
             The game lasted 00:57:03 (8149 turns).

Querens the Unseen (Spriggan Enchanter)             Turns: 8149, Time: 00:57:04

Health: -4/51      AC:  4    Str: 10    XL:     12   Next: 63%
Magic:  13/29      EV: 18    Int: 19    God:    Wu Jian [*****.]
Gold:   1633       SH:  5    Dex: 26    Spells: 27/35 levels left

rFire   + + .      SeeInvis +    e - +5 quick blade "Arbiter" {flame, Str+2 Int+2}
rCold   . . .      Faith    .    (no shield)
rNeg    + . .      Spirit   .    A - +1 robe {rN+}
rPois   .          Reflect  +    (helmet restricted)
rElec   .          Harm     .    N - +0 cloak {Stlth+}
rCorr   .          Rampage  .    (gloves unavailable)
Will    ++...                    (boots unavailable)
Stlth   +++++++...               O - amulet "Caorgh Cuowo" {Reflect rF+ Regen+ Str+4 SH+5 Stlth-}
HPRegen 1.08/turn                o - ring of protection from fire
MPRegen 0.21/turn                Q - +6 ring of dexterity

@: confusing by touch, serpent's lash, very quick
A: very small, no large weapons, unfitting armour, see invisible, speed 3
a: Renounce Religion, Wall Jump, Serpent's Lash, Heavenly Storm


You were on level 2 of the Orcish Mines.
You worshipped Wu Jian.
Wu Jian was extremely pleased with you.
You visited 3 branches of the dungeon, and saw 14 of its levels.
You also visited: Sewer and Bailey.

You collected 1975 gold pieces.
You spent 342 gold pieces at shops.

Inventory:

Hand Weapons
 e - the +5 quick blade "Arbiter" (weapon) {flame, Str+2 Int+2}
   (You acquired it on level 10 of the Dungeon)

   It burns those it strikes, dealing additional fire damage.
   Str:       It affects your strength (+2).
   Int:       It affects your intelligence (+2).
 f - a +2 vorpal dagger
 B - a +0 vampiric dagger
Missiles
 h - 3 curare-tipped darts (quivered)
 I - 8 throwing nets
Armour
 p - +0 acid dragon scales
 A - a +1 robe of positive energy (worn)
 N - a +0 cloak of stealth (worn)
Jewellery
 o - a ring of protection from fire (left hand)
 r - an amulet of magic regeneration
 y - a ring of positive energy
 D - the Hermit's Pendant {Faith Invo=14 Evo=0 MP+5}
   (You found it on level 5 of the Dungeon)

   [amulet of faith]

   It sets your invocations skill to 14 and your evocations skill to 0.
   It allows you to gain divine favour quickly.
   MP:        It affects your magic capacity (+5).
 K - an amulet of reflection
 L - a ring of ice
 M - a ring of willpower
 O - the amulet "Caorgh Cuowo" (around neck) {Reflect rF+ Regen+ Str+4 SH+5 Stlth-}
   (You found it on level 10 of the Dungeon)

   [amulet of reflection]

   It reflects blocked missile attacks.
   Str:       It affects your strength (+4).
   rF:        It protects you from fire.
   Regen:     It increases your rate of health regeneration.
   SH:        It affects your SH (+5).
   Stlth:     It makes you less stealthy.
 Q - a +6 ring of dexterity (right hand)
Wands
 k - a wand of polymorph (7)
 w - a wand of iceblast (17)
 C - a wand of flame (11)
 P - a wand of paralysis (10)
Scrolls
 a - a scroll of enchant armour
 g - a scroll of summoning {unknown}
 i - 3 scrolls of blinking
 m - 2 scrolls of magic mapping
 q - 3 scrolls of enchant weapon
 s - 5 scrolls of teleportation
 t - a scroll of fear
 u - 2 scrolls of brand weapon
 x - 3 scrolls of poison
 F - 2 scrolls of immolation
 G - 3 scrolls of amnesia
Potions
 b - a potion of berserk rage {unknown}
 c - 4 potions of invisibility
 d - 4 potions of magic
 l - a potion of attraction
 n - 10 potions of curing
 v - 6 potions of haste
 z - a potion of heal wounds
 E - 5 potions of might
 H - 2 potions of mutation {unknown}
 J - a potion of cancellation {unknown}
 S - a potion of brilliance {unknown}


   Skills:
 + Level 12.7 Short Blades
 - Level 2.6 Dodging
 + Level 18.0 Stealth
 - Level 12.0 Spellcasting
 - Level 12.2 Hexes


You had 27 spell levels left.
You knew the following spells:

 Your Spells              Type           Power      Damage    Failure   Level
a - Ensorcelled Hibernat  Hex/Ice        68%        N/A       1%          2
b - Confusing Touch       Hex            55%        N/A       1%          3
c - Tukima's Dance        Hex            55%        N/A       1%          3

Your spell library contained the following spells:

 Spells                   Type           Power      Damage    Failure   Level
 Dazzling Flash           Conj/Hex       68%        N/A       1%          3
 Summon Guardian Golem    Hex/Summ       34%        N/A       1%          3
 Summon Small Mammal      Summ           44%        N/A       6%          1
 Call Canine Familiar     Summ           11%        N/A       19%         3
 Ignite Poison            Fire/Tmut/Pois 11%        N/A       19%         3
 Iskenderun's Mystic Bla  Conj/Tloc      11%        2d4       52%         4
 Sticky Flame             Conj/Fire      11%        2d3       52%         4
 Starburst                Conj/Fire      5%         6d4       100%        6
 Ignition                 Fire           5%         3d4       100%        8


Dungeon Overview and Level Annotations

Branches:
Dungeon (11/15)            Temple (1/1) D:4            Lair (0/5) D:8
    Orc (2/2) D:11          Sewer (visited)          Bailey (visited)
    Elf: Orc:2

Altars:
Ashenzari
Cheibriados
Dithmenos
Elyvilon
Fedhas
Gozag
Hepliaklqana
Kikubaaqudgha
Makhleb
Nemelex Xobeh
Okawaru
Qazlal
Ru
Sif Muna
Trog
Uskayaw
Vehumet
Wu Jian
Xom
Yredelemnul
Zin
The Shining One

Shops:
D:7 [

Annotations:
Orc:2 Jorgrun, Maurice


Innate Abilities, Weirdness & Mutations

You are very small and have problems with some larger weapons.
You are too small for most types of armour.
You have supernaturally acute eyesight. (SInv)
You cover ground extremely quickly. (Speed+++)


Message History

The orc knight roars a battlecry!
The orcs go into a battle-frenzy!
You hear a shout!
Your Stealth skill increases to level 18!
Okay, then.
Your muscles tense, ready for explosive movement...
Casting: Ensorcelled Hibernation (safe; 1% risk of failure)
Confirm with . or Enter, or press ? or * to list all spells.
Aiming: Ensorcelled Hibernation (safe; 1% risk of failure)
Press: ? - help, Shift-Dir - straight line, f - Jorgrun
Aim: Jorgrun, wielding a staff of earth and wearing a +1 robe of fire resistance (golden dust, lightly wounded, chance to affect: 1%)
Okay, then.
As you read the scroll of fear, it crumbles to dust.
You assume a fearsome visage.
The orc knight looks frightened!
The orc looks frightened!
Jorgrun resists with almost no effort.
The orc knight looks frightened!
The orc looks frightened!
An orc priest comes into view. It is wielding a +0 hand axe.
Jorgrun says, "May tha earth consume ye!"
You feel much better. The orc priest misses you.
Maurice the Thief comes into view.
He is wielding a +1 short sword of speed and carrying a wand of paralysis (7).
Jorgrun hits you with a staff of earth! Jorgrun shatters you!!
Ouch! That really hurt!
* * * LOW HITPOINT WARNING * * *
You feel much better.
The orc priest hits you with a +0 hand axe.
An orc comes into view. It is wielding a +0 hand axe.
Jorgrun misses you.
Casting: Ensorcelled Hibernation (safe; 1% risk of failure)
Confirm with . or Enter, or press ? or * to list all spells.
Aiming: Ensorcelled Hibernation (safe; 1% risk of failure)
Press: ? - help, Shift-Dir - straight line, f - Jorgrun
Aim: Jorgrun, wielding a staff of earth and wearing a +1 robe of fire resistance (golden dust, chance to affect: 1%)
Okay, then.
Casting: Ensorcelled Hibernation (safe; 1% risk of failure)
Confirm with . or Enter, or press ? or * to list all spells.
Your hands begin to glow red.
The orc priest completely misses you.
Jorgrun points next to you and mumbles some strange words.
The wall shatters!
The blast of rock fragments hits you!!!
Ouch! That really hurt!
You die...

.......#....o
....#.#...oo
...........
......☼☼°o
.....(og§#
...#..§#°##
......§☼☼○#
$.....○oog##
...#.#§°#@☼#
....###○☼o#
....# ##°##
..... ## ##T$
.o# ..


You could see Jorgrun, an orc knight (strong, fleeing), an orc priest (strong)
and an orc.

Vanquished Creatures
  Gastronok (D:11)
  A centaur warrior (D:9)
  A boulder beetle (D:11)
  Erica (D:10)
  2 two-headed ogres
  Urug (D:10)
  A necromancer (D:11)
  5 cyclopes
  5 ugly things
  A manticore (D:11)
  A gargoyle (D:11)
  3 kobold demonologists
  An unseen horror (D:10)
  Maggie (D:7)
  A tengu conjurer (D:10)
  3 trolls
  A wyvern (D:9)
  Sigmund (D:5)
  3 shadows (D:11)
  18 yaks
  Eustachio (D:5)
  2 wraiths (D:9)
  A basilisk (D:10)
  Grum (D:10)
  3 vampire mosquitoes (D:11)
  4 acid dragons
  2 water moccasins (D:6)
  An ice beast (D:5)
  8 orc warriors
  2 sky beasts
  A black bear (D:7)
  4 ogres
  4 centaurs
  9 wolves
  2 phantoms
  10 kobold brigands
  2 scorpions
  7 gnoll sergeants (Bailey)
  A troll zombie (D:11)
  6 howler monkeys
  3 jellies
  3 orc priests
  4 hounds
  8 gnoll boudas
  Ijyb (D:4)
  Jessica (D:3)
  8 iguanas
  11 orc wizards
  A polar bear simulacrum (D:11)
  4 yak simulacra (D:11)
  4 wolf simulacra (D:11)
  5 ogre zombies (D:11)
  8 adders
  21 gnolls
  2 river rats (D:6)
  A white imp (D:5)
  2 ufetubi
  A worm (D:2)
  5 dart slugs
  39 orcs
  4 endoplasms
  5 giant cockroaches
  11 hobgoblins
  2 jackals (D:4)
  54 kobolds
  3 quokkas
  9 ball pythons
  6 bats
  4 frilled lizards
  12 goblins
  3 goblin skeletons (D:11)
  3 goblin zombies (D:11)
  A hobgoblin skeleton (D:11)
  2 hobgoblin zombies (D:11)
  3 orc skeletons (D:11)
  7 orc zombies (D:11)
  9 rats
  2 river rat simulacra (D:11)
395 creatures vanquished.

Vanquished Creatures (collateral kills)
  An orc (Orc:2)
1 creature vanquished.

Vanquished Creatures (others)
  A wizard (D:9)
  5 dancing weapons
  6 plants (D:1)
12 creatures vanquished.

Grand Total: 408 creatures vanquished

Notes
Turn   | Place    | Note
-------+----------+-------------------------------------------
     0 | D:1      | Querens the Spriggan Enchanter began the quest for the Orb.
     0 | D:1      | Reached XP level 1. HP: 9/9 MP: 5/5
   171 | D:1      | Reached XP level 2. HP: 7/13 MP: 6/6
   410 | D:1      | Learned a level 2 spell: Ensorcelled Hibernation
   529 | D:2      | Reached skill level 5 in Stealth
   529 | D:2      | Reached XP level 3. HP: 16/16 MP: 8/8
   930 | D:3      | Reached XP level 4. HP: 21/21 MP: 10/10
  1125 | D:3      | Noticed Jessica
  1155 | D:3      | Killed Jessica
  1156 | D:3      | Reached XP level 5. HP: 24/24 MP: 7/12
  1612 | D:4      | Reached skill level 6 in Stealth
  1660 | D:4      | Learned a level 3 spell: Confusing Touch
  1664 | D:4      | Learned a level 3 spell: Tukima's Dance
  1690 | D:4      | Noticed Ijyb
  1704 | D:4      | Reached skill level 5 in Hexes
  1721 | D:4      | Killed Ijyb
  1753 | D:4      | Found a staircase to the Ecumenical Temple.
  1760 | Temple   | Entered the Ecumenical Temple
  1992 | D:4      | Noticed a phantom
  2034 | D:4      | Killed a phantom
  2035 | D:4      | Reached XP level 6. HP: 28/28 MP: 12/14
  2242 | D:4      | Reached skill level 7 in Stealth
  2330 | D:5      | Entered Level 5 of the Dungeon
  2371 | D:5      | Reached skill level 5 in Spellcasting
  2391 | D:5      | Reached XP level 7. HP: 11/32 MP: 8/15
  2465 | D:5      | Noticed Sigmund
  2480 | D:5      | Killed Sigmund
  2489 | D:5      | Reached skill level 8 in Stealth
  2557 | D:5      | Reached skill level 5 in Short Blades
  2564 | D:5      | Noticed Eustachio
  2569 | D:5      | Killed Eustachio
  2570 | D:5      | Reached XP level 8. HP: 36/36 MP: 18/18
  2670 | D:5      | Found the Hermit's Pendant {Faith Invo=14 Evo=0 MP+5}
  2903 | D:5      | Reached skill level 9 in Stealth
  2993 | D:5      | Found an ornate altar of the Wu Jian Council.
  3018 | D:5      | Became a worshipper of the Wu Jian Council
  3111 | D:6      | Found a burning altar of Makhleb.
  3197 | D:6      | Found Jiqott's Magic Scroll Emporium.
  3284 | D:6      | Bought a scroll of noise for 12 gold pieces
  3284 | D:6      | Bought a scroll of identify for 24 gold pieces
  3284 | D:6      | Bought a scroll of identify for 24 gold pieces
  3284 | D:6      | Bought a scroll of vulnerability for 48 gold pieces
  3284 | D:6      | Bought a scroll of amnesia for 48 gold pieces
  3284 | D:6      | Bought a scroll of magic mapping for 90 gold pieces
  3284 | D:6      | Bought a scroll of poison for 48 gold pieces
  3284 | D:6      | Bought a scroll of fear for 48 gold pieces
  3419 | D:6      | Reached skill level 10 in Stealth
  3435 | D:6      | Found a glowing drain.
  3441 | Sewer    | Entered a sewer
  3510 | Sewer    | Reached * piety under Wu Jian
  3716 | Sewer    | Reached XP level 9. HP: 28/39 MP: 17/21
  4069 | D:7      | Found a blossoming altar of Fedhas.
  4128 | D:7      | Found Wame's Armour Boutique.
  4254 | D:7      | Noticed Maggie
  4303 | D:7      | Killed Maggie
  4438 | D:8      | Reached skill level 11 in Stealth
  4544 | D:8      | Reached ** piety under Wu Jian
  4594 | D:8      | Reached XP level 10. HP: 38/44 MP: 22/24
  4617 | D:8      | Reached skill level 12 in Stealth
  4668 | D:8      | Found a staircase to the Lair.
  5016 | D:9      | Reached skill level 10 in Hexes
  5036 | D:9      | Identified the +2 hand axe of the Common Good {spect, rN++
                  | Str-3 Int+2 SInv}
  5134 | D:9      | Noticed a cyclops
  5141 | D:9      | Reached *** piety under Wu Jian
  5153 | D:9      | Reached skill level 13 in Stealth
  5153 | D:9      | Reached skill level 10 in Spellcasting
  5157 | D:9      | Killed a cyclops
  5195 | D:9      | Noticed a wizard
  5203 | D:9      | Killed a wizard
  5335 | D:9      | Noticed a green ugly thing
  5342 | D:9      | Killed a green ugly thing
  5442 | D:9      | Noticed a centaur warrior
  5485 | D:9      | Found the +8 storm bow {elec, penet}
  5633 | D:9      | Killed a centaur warrior
  5634 | D:9      | Reached XP level 11. HP: 30/47 MP: 19/26
  5753 | D:10     | Entered Level 10 of the Dungeon
  5903 | D:10     | Noticed a cyan ugly thing
  5904 | D:10     | Noticed a purple ugly thing
  5906 | D:10     | Reached skill level 14 in Stealth
  5906 | D:10     | Killed a cyan ugly thing
  5908 | D:10     | Killed a purple ugly thing
  5911 | D:10     | Identified the amulet "Caorgh Cuowo" {Reflect rF+ Regen+
                  | Str+4 SH+5 Stlth-}
  5930 | D:10     | Noticed a cyan ugly thing
  5933 | D:10     | Reached skill level 10 in Short Blades
  5933 | D:10     | Noticed a brown ugly thing
  5940 | D:10     | Killed a cyan ugly thing
  5956 | D:10     | Killed a brown ugly thing
  6065 | D:10     | Reached **** piety under Wu Jian
  6114 | D:10     | Found a flagged portal.
  6131 | D:10     | Noticed Grum
  6140 | D:10     | Killed Grum
  6141 | D:10     | Reached skill level 15 in Stealth
  6202 | Bailey   | Entered a bailey
  6645 | Bailey   | Reached ***** piety under Wu Jian
  6800 | D:10     | Noticed Urug
  6803 | D:10     | Killed Urug
  6828 | D:10     | Noticed Erica
  6834 | D:10     | Killed Erica
  6835 | D:10     | Reached XP level 12. HP: 51/51 MP: 18/29
  7034 | D:10     | Identified a scroll of acquirement
  7035 | D:10     | Acquired the +5 quick blade "Arbiter" {flame, Str+2 Int+2}
  7172 | D:11     | Reached skill level 16 in Stealth
  7222 | D:11     | Noticed Gastronok
  7256 | D:11     | Killed Gastronok
  7358 | D:11     | Noticed a boulder beetle
  7363 | D:11     | Killed a boulder beetle
  7422 | D:11     | Reached skill level 17 in Stealth
  7422 | D:11     | Found a staircase to the Orcish Mines.
  7713 | D:11     | Noticed a two-headed ogre
  7728 | D:11     | Killed a two-headed ogre
  7950 | Orc:1    | Entered Level 1 of the Orcish Mines
  8035 | Orc:1    | Noticed a two-headed ogre
  8041 | Orc:1    | Killed a two-headed ogre
  8104 | Orc:2    | Entered Level 2 of the Orcish Mines
  8132 | Orc:2    | Noticed Jorgrun
  8146 | Orc:2    | Reached skill level 18 in Stealth
  8147 | Orc:2    | Noticed Maurice
  8149 | Orc:2    | Killed from afar by Jorgrun

Illustrated notes

Levels and vault maps discovered:
D:1:      dpeg_arrival_rooms_a, layout_rooms, chequers_big_river
D:2:      layout_rooms
D:3:      minmay_door_path, layout_basic, uniq_jessica
D:4:      minmay_evil_eye, layout_rooms, minmay_temple_entry_tees, minivault_26,
          corexii_shack, minivault_4, uniq_ijyb
D:5:      minmay_recursive_quarters, layout_basic, lemuel_tele_altar,
          uniq_eustachio, uniq_sigmund
D:6:      layout_gridville, amcnicky_altar_gilded, portal_sewer_entry_e,
          serial_shops, shop
D:7:      layout_cave_pods, lemuel_round_altar, serial_shops,
          nicolae_shop_stone, uniq_maggie
D:8:      nicolae_BIG_FREAKIN_CUBE, layout_rooms, dpeg_oklobed_lair
D:9:      minmay_the_grid_octo_triangle [minmay_the_grid_octo_fat_diamond,
          minmay_the_grid_octo_prize_square_snowflake,
          minmay_the_grid_octo_checkered], layout_loops_cross, serial_glass,
          glass_columns_a, glass_columns_a, item_on_display_a,
          minmay_strange_pillars, unseen_surprise_small, item_on_display_b
D:10:     minmay_blocky_corners, layout_basic, enter_bailey_2, uniq_grum,
          uniq_erica, uniq_urug
D:11:     layout_loops_corners, zombieorc1_lemuel, eino_house_with_fridge,
          uniq_gastronok
Temple:   nicolae_temple_bog_church
Orc:1:    layout_caves, serial_shops, nicolae_shop_behind_doors
Orc:2:    grunt_orc_tribal_feast, layout_caves, serial_shops, shop,
          bloody_makhleb, uniq_jorgrun, uniq_snorg, uniq_maurice

Skill      XL: |  1  2  3  4  5  6  7  8  9 10 11 12 |
---------------+-------------------------------------+-----
Spellcasting   | 3 4 5 6 7 9 10 12 | 12.0
Hexes          | 4 5 6 8 9 10 12 | 12.2
Stealth        | 5 6 7 8 10 11 13 15 18 | 18.0
Short Blades   | 2 3 4 5 6 7 9 10 12 | 12.7
Dodging        | |  2.6

Action                   |  1- 3 |  4- 6 |  7- 9 | 10-12 || total
-------------------------+-------+-------+-------+-------++-------
Melee: Dagger            |   116 |   141 |   231 |   550 ||  1038
       Punch             |       |     3 |     2 |    11 ||    16
       Scimitar          |       |       |     1 |       ||     1
       Quick blade       |       |       |       |   191 ||   191
 Cast: Ensorcelled Hiber |     4 |    20 |    90 |   122 ||   236
       Confusing Touch   |       |     2 |     2 |    10 ||    14
       Tukima's Dance    |       |       |     5 |     7 ||    12
Invok: Lunge             |       |       |    21 |    91 ||   112
       Whirlwind         |       |       |     1 |     6 ||     7
       Serpent's Lash    |       |       |       |     1 ||     1
       Heavenly Storm    |       |       |       |     1 ||     1
Evoke: Wand              |       |       |       |     2 ||     2
  Use: Scroll            |       |       |     6 |    11 ||    17
       Potion            |       |       |       |     3 ||     3
 Stab: Sleeping          |     9 |    19 |    66 |   125 ||   219
       Distracted        |     1 |     1 |     1 |     1 ||     4
       Confused          |       |     2 |     3 |     5 ||    10
Armor: Robe              |    13 |     9 |    31 |    30 ||    83
Dodge: Dodged            |    75 |   104 |   171 |   293 ||   643
Block: Other             |       |       |       |    81 ||    81
       Reflection        |       |       |       |     3 ||     3

Table legend: (Time is in decaauts)
 A = Elapsed time spent in this place.
 B = Non-inter-level travel time spent in this place.
 C = Inter-level travel time spent in this place.
 D = Time resting spent in this place.
 E = Time spent auto-exploring this place.
 F = Levels seen in this place.
 G = Mean time per level.
                   A        B        C        D        E       F      G
               +--------+--------+--------+--------+--------+-----+--------+
         Total |   5247 |   4985 |    262 |     18 |    110 |  16 |  327.9 |
       Dungeon |   4436 |   4194 |    242 |     10 |      0 |  11 |  403.3 |
        Temple |    137 |    124 |     13 |      0 |    110 |   1 |  137.0 |
  Orcish Mines |    120 |    114 |      6 |      0 |      0 |   2 |   60.0 |
         Sewer |    220 |    220 |      0 |      0 |      0 |   1 |  220.0 |
        Bailey |    332 |    332 |      0 |      8 |      0 |   1 |  332.0 |
               +--------+--------+--------+--------+--------+-----+--------+

Top non-repeatable levels by time:
    D:11: 527 daAuts
     D:9: 508 daAuts
    D:10: 476 daAuts
     D:5: 471 daAuts
     D:3: 449 daAuts
     D:7: 360 daAuts
     D:4: 360 daAuts
     D:1: 347 daAuts
     D:8: 341 daAuts
     D:6: 336 daAuts
  Bailey: 332 daAuts
     D:2: 256 daAuts
   Sewer: 220 daAuts
  Temple: 137 daAuts
   Orc:1: 97 daAuts
